 Dungeon Crawl Stone Soup version 0.27-a0-660-g90476cec82 (webtiles) character file.

Game seed: 7225927399459305295

334 tsouns the Chiller (level 6, -5/41 HPs)
             Began as a Demonspawn Ice Elementalist on Mar 16, 2021.
             Slain by Edmund
             ... wielding a +0 dire flail of venom
              (7 damage)
             ... on level 4 of the Dungeon.
             The game lasted 00:05:53 (4452 turns).

tsouns the Chiller (Demonspawn Ice Elementalist)    Turns: 4452, Time: 00:05:53

Health: -5/41      AC: 10    Str:  8    XL:     6   Next: 27%
Magic:  3/12       EV: 12    Int: 19    God:
Gold:   154        SH:  0    Dex: 13    Spells: 3/14 levels left

rFire    . . .     SeeInvis .   e - +5 trident
rCold    . . .     Faith    .   (no shield)
rNeg     . . .     Spirit   .   a - +0 robe
rPois    .         Reflect  .   (no helmet)
rElec    .         Harm     .   g - +0 cloak
rCorr    .         Rampage  .   (no gloves)
Will     .....                  (no boots)
Stlth    ++........             (no amulet)
HPRegen  0.13/turn              (no ring)
MPRegen  0.26/turn              (no ring)

@: lethally poisoned (-5 -> -44), ice-armoured, frozen ramparts
A: spiny 1, magic regeneration
a: no special abilities


You were on level 4 of the Dungeon.
You visited 1 branch of the dungeon, and saw 4 of its levels.

You collected 154 gold pieces.

Inventory:

Hand Weapons
 b - a +0 short sword
 e - a +5 trident (weapon)
 h - a +2 vorpal mace
Armour
 a - a +0 robe (worn)
 g - a +0 cloak (worn)
Scrolls
 c - 6 scrolls of teleportation {unknown}
 d - 5 scrolls of identify {unknown}
 f - 2 scrolls of enchant armour {unknown}
 j - 3 scrolls of random uselessness {unknown}
 k - a scroll of fear {unknown}
Potions
 i - a potion of heal wounds {unknown}


   Skills:
 - Level 1.7 Dodging
 - Level 1.7 Stealth
 + Level 4.5 Spellcasting
 + Level 5.5 Ice Magic


You had 3 spell levels left.
You knew the following spells:

 Your Spells              Type           Power      Damage    Failure   Level
a - Freeze                Ice            100%       1d11      1%          1
b - Frozen Ramparts       Ice            50%        1d7       4%          3
c - Ozocubu's Armour      Ice            25%        N/A       4%          3
d - Hailstorm             Conj/Ice       14%        3d5       38%         4

Your spell library contained the following spells:

 Spells                   Type           Power      Damage    Failure   Level
 Summon Ice Beast         Ice/Summ       14%        N/A       38%         4


Dungeon Overview and Level Annotations

Branches:
Dungeon (4/15)
 Temple: D:4-7

Altars:
Hepliaklqana
Kikubaaqudgha

Annotations:
D:4 Edmund


Innate Abilities, Weirdness & Mutations

You are partially covered in sharp spines.
You regenerate magic rapidly.


Message History

Aiming: Freeze (safe; 1% risk of failure)
Press: ? - help, Shift-Dir - straight line, f - Edmund
Aim: Edmund, wielding a +0 dire flail of venom and wearing a +0 leather armour (moderately wounded)
You freeze Edmund!
Edmund is heavily wounded.
You feel sick.
The wall freezes Edmund.
Edmund hits you with a +0 dire flail of venom!
You are lethally poisoned!
Casting: Freeze (safe; 1% risk of failure)
Confirm with . or Enter, or press ? or * to list all spells.
Aiming: Freeze (safe; 1% risk of failure)
Press: ? - help, Shift-Dir - straight line, f/p - Edmund
Aim: Edmund, wielding a +0 dire flail of venom and wearing a +0 leather armour (heavily wounded)
You freeze Edmund.
Edmund is heavily wounded.
You feel very sick.
The wall freezes Edmund.
Edmund drinks a potion.
Edmund is healed!
Casting: Freeze (safe; 1% risk of failure)
Confirm with . or Enter, or press ? or * to list all spells.
Aiming: Freeze (safe; 1% risk of failure)
Press: ? - help, Shift-Dir - straight line, f/p - Edmund
Aim: Edmund, wielding a +0 dire flail of venom and wearing a +0 leather armour (heavily wounded)
You freeze Edmund!
Edmund is severely wounded.
You feel sick.
The wall freezes Edmund.
Edmund hits you with a +0 dire flail of venom!
* * * LOW HITPOINT WARNING * * *
You are more poisoned.
Casting: Freeze (safe; 1% risk of failure)
Confirm with . or Enter, or press ? or * to list all spells.
Aiming: Freeze (safe; 1% risk of failure)
Press: ? - help, Shift-Dir - straight line, f/p - Edmund
Aim: Edmund, wielding a +0 dire flail of venom and wearing a +0 leather armour (severely wounded)
You freeze Edmund.
Edmund is severely wounded.
* * * LOW HITPOINT WARNING * * *
You feel very sick.
The wall freezes Edmund.
Edmund hits you with a +0 dire flail of venom!
You die...

#.# # #.# #. #.# #.#
#.#
###..#######.########
#.. #.........†......
..###.###.##########
#@#.## #)# #@## #.#
#.# #.# ### #.# #.#
#.. #.# #[# #.# #.#
#.# #.# ..# #.# #.#
... ..# #.# ### ###
#.# #..


You could see Edmund.

Vanquished Creatures
  A scorpion (D:4)
  2 wights (D:4)
  An iguana (D:3)
  Natasha (D:2)
  An orc wizard (D:4)
  A worker ant (D:4)
  An ooze (D:1)
  4 worms (D:2)
  5 dart slugs
  4 leopard geckos
  4 orcs
  A ball python (D:3)
  6 bats
  6 giant cockroaches
  6 goblins
  4 hobgoblins
  3 jackals (D:2)
  A quokka (D:3)
  5 frilled lizards
  12 kobolds
  8 rats
77 creatures vanquished.

Notes
Turn   | Place    | Note
-------+----------+-------------------------------------------
     0 | D:1      | tsouns the Demonspawn Ice Elementalist began the quest for
                  | the Orb.
     0 | D:1      | Reached XP level 1. HP: 13/13 MP: 3/3
   323 | D:1      | Gained mutation: You are partially covered in sharp spines.
                  | [demonic ancestry]
   323 | D:1      | Reached XP level 2. HP: 8/19 MP: 1/5
   710 | D:1      | Reached skill level 4 in Ice Magic
  1254 | D:1      | Reached XP level 3. HP: 19/24 MP: 4/7
  1325 | D:1      | Learned a level 3 spell: Frozen Ramparts
  1329 | D:1      | Learned a level 3 spell: Ozocubu's Armour
  1993 | D:2      | Noticed Natasha
  2250 | D:2      | Killed Natasha
  2251 | D:2      | Reached XP level 4. HP: 15/30 MP: 3/8
  3284 | D:3      | Reached XP level 5. HP: 26/35 MP: 6/10
  3373 | D:3      | Found a hazy altar of Hepliaklqana.
  3379 | D:3      | Learned a level 4 spell: Hailstorm
  3549 | D:3      | Found an ancient bone altar of Kikubaaqudgha.
  3927 | D:4      | Reached skill level 5 in Ice Magic
  4144 | D:4      | Gained mutation: You regenerate magic rapidly. [demonic
                  | ancestry]
  4144 | D:4      | Reached XP level 6. HP: 5/39 MP: 4/12
  4446 | D:4      | Noticed Edmund
  4452 | D:4      | HP: 2/41 [poisoned by Edmund]
  4452 | D:4      | Slain by Edmund

Illustrated notes

Levels and vault maps discovered:
D:1:      amcnicky_arrival_blooded_trapdoor, layout_loops_corners,
          hangedman_decor_riveting
D:2:      layout_loops_ring, uniq_natasha
D:3:      minmay_skewed_foursquare, layout_basic, kiku_gazebo_garden_becter,
          lemuel_crystal_altar
D:4:      layout_loops_ring, grunt_temple_overflow_open, uniq_ijyb, uniq_edmund,
          uniq_grinder

Skill      XL: |  1  2  3  4  5 |
---------------+----------------+-----
Ice Magic      | 4 5 |  5.5
Spellcasting   | 3 4 |  4.5
Dodging        | |  1.7
Stealth        | |  1.7

Action                   |  1- 3 |  4- 6 || total
-------------------------+-------+-------++-------
Melee: Unarmed           |    14 |       ||    14
       Short sword       |     5 |     9 ||    14
       Mace              |       |    23 ||    23
       Trident           |       |     1 ||     1
 Cast: Freeze            |    68 |    31 ||    99
       Ozocubu's Armour  |       |     3 ||     3
       Frozen Ramparts   |       |     3 ||     3
  Use: Potion            |       |     1 ||     1
 Stab: Sleeping          |     1 |     2 ||     3
Armor: Robe              |    13 |     7 ||    20
Dodge: Dodged            |    29 |    31 ||    60

Table legend: (Time is in decaauts)
 A = Elapsed time spent in this place.
 B = Non-inter-level travel time spent in this place.
 C = Inter-level travel time spent in this place.
 D = Time resting spent in this place.
 E = Time spent auto-exploring this place.
 F = Levels seen in this place.
 G = Mean time per level.
                   A        B        C        D        E       F      G
               +--------+--------+--------+--------+--------+-----+--------+
         Total |   4441 |   4369 |     72 |      0 |   3793 |   4 | 1110.2 |
       Dungeon |   4441 |   4369 |     72 |      0 |   3793 |   4 | 1110.2 |
               +--------+--------+--------+--------+--------+-----+--------+

Top non-repeatable levels by time:
     D:1: 1800 daAuts
     D:2: 1149 daAuts
     D:3: 912 daAuts
     D:4: 578 daAuts
